 Dungeon Crawl Stone Soup version 0.29-a0-477-g62b78b4225 (console) character file.

Game seed: 16454210247343523456

47 Faeu the Sneak (level 3, 0/24 HPs)
             Began as a Vampire Enchanter on May 25, 2022.
             Slain by a worm (6 damage)
             ... on level 2 of the Dungeon.
             The game lasted 00:01:37 (1292 turns).

Faeu the Sneak (Vampire Enchanter)                  Turns: 1292, Time: 00:01:37

Health: 0/24       AC:  2    Str:  7    XL:     3   Next: 48%
Magic:  6/6        EV: 12    Int: 17    God:
Gold:   35         SH:  0    Dex: 16    Spells: 6/6 levels left

rFire   . . .      SeeInvis +   a - +1 dagger {short}
rCold   . . .      Faith    .   (no shield)
rNeg    . . .      Spirit   .   b - +0 robe
rPois   .          Reflect  .   (no helmet)
rElec   .          Harm     .   (no cloak)
rCorr   .          Rampage  .   (no gloves)
Will    .....                   (no boots)
Stlth   +++.......              (no amulet)
HPRegen 0.28/turn               (no ring)
MPRegen 0.10/turn               (no ring)

@: healing quickly
A: alive, fangs 3, see invisible, vampiric 2
a: Exsanguinate


You were on level 2 of the Dungeon.
You visited 1 branch of the dungeon, and saw 2 of its levels.

You collected 35 gold pieces.


Innate Abilities, Weirdness & Mutations

Your natural rate of healing is accelerated.
You have razor-sharp teeth.
You have supernaturally acute eyesight. (SInv)
You are afflicted with vampirism and can become a bat while bloodless.


   Skills:
 + Level 2.7 Short Blades
 - Level 2.1 Dodging
 + Level 5.9 Stealth
 - Level 2.0 Spellcasting
 - Level 4.4 Hexes


You had 6 spell levels left.
You didn't know any spells.
Your spell library contained the following spells:

 Spells                   Type           Power      Damage    Failure   Level
 Confusing Touch          Hex            16%        N/A       10%         3
 Tukima's Dance           Hex            16%        N/A       10%         3
 Ensorcelled Hibernation  Hex/Ice        18%        N/A       12%         2
 Dazzling Flash           Conj/Hex       18%        N/A       24%         3
 Blink                    Tloc           2%         N/A       28%         2
 Conjure Flame            Conj/Fire      1%         6-21      50%         3
 Ignite Poison            Fire/Tmut/Pois 1%         N/A       50%         3
 Lesser Beckoning         Tloc           1%         N/A       50%         3
 Sticky Flame             Conj/Fire      1%         2d3       88%         4
 Manifold Assault         Tloc           1%         N/A       99%         5

Inventory:

Hand Weapons
 a - a +1 dagger (weapon) {short}
Missiles
 g - 112 stones (quivered) {throwing}
 p - 5 boomerangs {throwing}
Armour
 b - a +0 robe (worn)
 e - a +0 scale mail
   (You found it on level 1 of the Dungeon)
 n - a +0 ring mail
   (You found it on level 1 of the Dungeon)
Magical Staves
 q - a staff of poison {!astaff}
   (You found it on level 2 of the Dungeon)
Scrolls
 d - a scroll of amnesia {unknown}
 f - a scroll of noise {unknown}
 i - a scroll of identify {unknown}
 j - a scroll of enchant weapon {unknown}
 k - 2 scrolls of enchant armour {unknown}
 o - a scroll of torment {unknown}
 r - a scroll of fog {unknown}
Potions
 c - 2 potions of invisibility
 h - a potion of mutation {unknown}
 l - a potion of degeneration {unknown}
 m - a potion of resistance {unknown}
 s - a potion of haste {unknown}

Dungeon Overview and Level Annotations

Branches:
Dungeon (2/15)

Altars:

Shops:
D:2

? .# #.########.# #.#
.# ###........#.# #.#
##
#......###.#.######.#
###
#..........#.......†#
..#
#..........##########
#.# #.......#....# #.#
#.......####.###
#.#####
###.###.#......#
#.....# #...#.#....#.#
#####.# ###.#.######.#
# #.# #@#.. #.# #
#.######## #w## #.# #
#.<....... ... #.# #
#####################.#
#
#....................#
#.####################
#.# ######.# .......#
########


You could see a worm.


Message History

You have reached level 3!
Your experience leads to an increase in your attributes!
Increase (S)trength, (I)ntelligence, or (D)exterity?
You feel agile. x2
You can now turn into a vampire bat when bloodless. 😮 HP[+4] MP[+1]
You now have 24 max hp (+5).
You regained 4 hp, and now have 16/24 hp.
Your mp is fully restored (6).
HP restored.
g - 107 stones {throwing} (gained 3)
You see here a +0 dagger {short}.
You open the door.
There is an open door here.
Found Pegoir's Magic Scroll Shop.
No target in view! 😎 HP[+8]
There is an entrance to Pegoir's Magic Scroll Shop here.
A hobgoblin comes into view.
The helpless hobgoblin fails to defend itself.
You impale the hobgoblin!!
You kill the hobgoblin!
You see here a hobgoblin corpse.
You now have 35 gold pieces (gained 6).
A kobold and a ball python come into view.
The helpless kobold fails to defend itself.
You impale the kobold!!
You kill the kobold!
Things that are here:
a +0 dagger {short}; 5 stones {throwing} The helpless ball python fails to defend itself.
You impale the ball python!!
You kill the ball python!
You see here a ball python corpse.
g - 112 stones {throwing} (gained 5)
You see here a +0 dagger {short}.
A giant cockroach comes into view.
A quokka comes into view.
The helpless giant cockroach fails to defend itself.
You impale the giant cockroach!!
You kill the giant cockroach!
A hobgoblin comes into view.
The hobgoblin moves out of view.
An endoplasm comes into view.
The helpless quokka fails to defend itself.
You impale the quokka!!
You kill the quokka!
You barely miss the hobgoblin.
The hobgoblin shouts!
The hobgoblin hits you. 😕 HP[-3]
You take 3 damage, and now have 21/24 hp.
You hit the hobgoblin.
You kill the hobgoblin! 😕 HP[+1]
You see here a hobgoblin corpse.
You hit the endoplasm. The endoplasm misses you. 😕 HP[+1]
You hit the endoplasm. You hit the endoplasm.
You kill the endoplasm!
There is an open door here.
You open the door.
There is an open door here.
You open the door.
There is an open door here.
r - a scroll labelled IDI ETINUYF No target in view! 😎 HP[+1]
There is a stone staircase leading down here.
There is a stone staircase leading up here.
s - a fuming silvery potion No target in view!
You see here a quokka corpse.
You see here a +0 dagger {short}.
You see here a ball python skeleton.
An adder comes into view.
The helpless adder fails to defend itself.
You impale the adder!!
You kill the adder!
You see here an adder corpse.
A worm comes into view.
You hit the worm. The worm bites you! 😮 HP[-10]
You take 10 damage, and now have 14/24 hp.
MASSIVE DAMAGE!! (PAUSE)
You barely miss the worm. You hit the worm. The worm closely misses you.
You hit the worm but do no damage. You bite the worm.
You hit the worm but do no damage. The worm closely misses you. 😮 HP[+1]
You hit the worm. You hit the worm. The worm bites you!
* * * LOW HITPOINT WARNING * * *
😱 HP[-10]
You take 10 damage, and now have 5/24 hp.
MASSIVE DAMAGE!! (PAUSE)
You hit the worm but do no damage. You hit the worm. The worm bites you.
You die...

Skill      XL: |  1  2 |
---------------+-------+-----
Stealth        | 5 |  5.9
Short Blades   | 2 |  2.7
Dodging        | |  2.1
Spellcasting   | |  2.0
Hexes          | |  4.4

Action                   || total
-------------------------++-------
Melee: Dagger            ||    59
       Bite              ||     5
 Stab: Sleeping          ||    11
Armor: Robe              ||     2
Dodge: Dodged            ||    21

Levels and vault maps discovered:
D:1:      dpeg_arrival_boxes_within_box, layout_loops_cross
D:2:      layout_basic, serial_shops, shop

Notes
Turn   | Place    | Note
-------+----------+-------------------------------------------
     0 | D:1      | Faeu the Vampire Enchanter began the quest for the Orb.
     0 | D:1      | Reached XP level 1. HP: 13/13 MP: 3/3
     0 | D:1      | magus.rc [v1.9.6]
    66 | D:1      | Reached skill level 5 in Stealth
    66 | D:1      | Reached XP level 2. HP: 19/19 MP: 5/5
   111 | D:1      | You add the spells Conjure Flame, Ignite Poison and Sticky
                  | Flame to your library.
   137 | D:1      | Reached skill level 2 in Short Blades
   576 | D:1      | You pick up a book of Spatial Translocations and begin
                  | reading...
   576 | D:1      | You add the spells Blink, Lesser Beckoning and Manifold
                  | Assault to your library.
   869 | D:2      | Gained mutation: You are afflicted with vampirism and can
                  | become a bat while bloodless. [Vampire growth]
   869 | D:2      | Reached XP level 3. HP: 16/24 MP: 6/6
   903 | D:2      | Found Pegoir's Magic Scroll Shop.
  1290 | D:2      | HP: 5/24 [worm (10)]
  1292 | D:2      | Slain by a worm

Vanquished Creatures
  A gnoll (D:1)
  An adder (D:2)
  3 dart slugs
  2 endoplasms
  A giant cockroach (D:2)
  3 hobgoblins
  3 kobolds
  2 quokkas (D:2)
  2 ball pythons
  3 frilled lizards (D:2)
  2 rats
23 creatures vanquished.

Table legend:
 A = Non-vault XP
 B = Vault XP
 C = Vault XP percentage of total XP
 D = Non-vault monster count
 E = Vault monster count
 F = Vault count percentage of total count
                 A         B        C        D         E       F
            +---------+---------+-------+---------+---------+-------
      Total |      68 |       0 |   0.0 |      23 |       0 |   0.0
            +---------+---------+-------+---------+---------+-------
        D:1 |      30 |       0 |   0.0 |       8 |       0 |   0.0
        D:2 |      38 |       0 |   0.0 |      15 |       0 |   0.0
            +---------+---------+-------+---------+---------+-------

Illustrated notes

Table legend:
 A = Kills in this place as a percentage of kills in entire the game.
 B = Kills by you in this place as a percentage of kills by you in the entire game.
 C = Kills by friends in this place as a percentage of kills by friends in the entire game.
 D = Other kills in this place as a percentage of other kills in the entire game.
 E = Experience gained in this place as a percentage of experience gained in the entire game.
 F = Experience gained in this place divided by the number of levels of this place that you have seen.
                   A       B       C       D       E      F
               +-------+-------+-------+-------+-------+----------------------
         Total | 100.0 | 100.0 |   N/A |   N/A | 100.0 |  34.0
       Dungeon | 100.0 | 100.0 |   N/A |   N/A | 100.0 |  34.0
               +-------+-------+-------+-------+-------+----------------------

Table legend: (Time is in decaauts)
 A = Elapsed time spent in this place.
 B = Non-inter-level travel time spent in this place.
 C = Inter-level travel time spent in this place.
 D = Time resting spent in this place.
 E = Time spent auto-exploring this place.
 F = Levels seen in this place.
 G = Mean time per level.
                   A        B        C        D        E       F      G
               +--------+--------+--------+--------+--------+-----+--------+
         Total |   1284 |   1250 |     34 |      0 |   1059 |   2 |  642.0 |
       Dungeon |   1284 |   1250 |     34 |      0 |   1059 |   2 |  642.0 |
               +--------+--------+--------+--------+--------+-----+--------+

Top non-repeatable levels by time:
     D:1: 660 daAuts
     D:2: 624 daAuts
